 Dungeon Crawl Stone Soup version 0.16.1-11-g651b585 (webtiles) character file.

531 KaneQuicktail the Skirmisher (level 7, -7/61 HPs)
             Began as a Pale Draconian Berserker on Apr 4, 2015.
             Was a Priest of Trog.
             Mangled by an orc
             ... wielding a +1 whip of electrocution
              (17 damage)
             ... on level 5 of the Dungeon.
             The game lasted 00:15:52 (4436 turns).

KaneQuicktail the Skirmisher (DrBe)                 Turns: 4436, Time: 00:15:52

Health: -7/61      AC:  7    Str: 22    XL:     7   Next: 3%
Magic:  7/7        EV: 13    Int:  7    God:    Trog [***...]
Gold:   195        SH:  0    Dex: 10    Spells: 0 memorised, 6 levels left

rFire  . . .     SeeInvis .     a - +0 hand axe
rCold  . . .     Clarity  .     (armour unavailable)
rNeg   . . .     SustAb   .     (no shield)
rPois  +         Gourm    .     (helmet restricted)
rElec  .         Spirit   .     t - +0 cloak
rCorr  .         Warding  .     (no gloves)
rMut   .         Stasis   .     (no boots)
MR     .....                    (no amulet)
Stlth  ++........               (no ring)
                                e - ring of poison resistance

@: lethally poisoned (-7 -> -9), exhausted, slowed, very slow, not resistant to
hostile enchantments, unstealthy
A: breathe steam, unfitting armour, cold-blooded, AC +6
a: Breathe Steam, Burn Spellbooks, Berserk, Trog's Hand, Renounce Religion


You were on level 5 of the Dungeon.
You worshipped Trog.
Trog was most pleased with you.
You were hungry.

You visited 1 branch of the dungeon, and saw 5 of its levels.

You collected 195 gold pieces.

Inventory:

Hand weapons
 a - a +0 hand axe (weapon)
Armour
 t - a +0 cloak (worn)
Jewellery
 e - a ring of poison resistance (left hand)
 u - an uncursed ring of protection from fire {unknown}
Magical devices
 g - a wand of fireball (3)
Scrolls
 b - 2 scrolls of remove curse
 c - a scroll of fog
 d - a scroll of amnesia {unknown}
 f - a scroll of random uselessness {unknown}
 h - a scroll of noise {unknown}
 i - a scroll of enchant weapon
 l - 2 scrolls of enchant armour {unknown}
 m - 3 scrolls of identify
 p - 2 scrolls of recharging
Potions
 j - 2 potions of heal wounds {unknown}
 k - a potion of curing {unknown}
 n - a potion of brilliance {unknown}
Comestibles
 o - a meat ration
 q - a beef jerky
 r - a bread ration
 s - a slice of pizza


   Skills:
 + Level 5.3 Fighting
 + Level 4.8 Axes
 + Level 5.0 Dodging
 + Level 1.7 Stealth


You had 6 spell levels left.
You didn't know any spells.

Dungeon Overview and Level Annotations

Branches:
Dungeon (5/15)
 Temple: D:4-7

Altars:
Ashenzari
Dithmenos
Gozag
Kikubaaqudgha
Okawaru
Qazlal
Ru
Xom
Zin
The Shining One


Innate Abilities, Weirdness & Mutations

You can breathe blasts of scalding steam.
Your pale cyan-grey scales are hard (AC +6).
Your body does not fit into most forms of armour.
Your cold-blooded metabolism reacts poorly to cold.


Message History

You hit the orc but do no damage.
You feel sick. The orc hits you but does no damage. The orc closely misses you.
The orc hits you with a whip of electrocution.
You are electrocuted!
You barely miss the orc.
You tail-slap the orc, but do no damage.
You barely miss the orc. The orc barely misses you. The orc barely misses you.
The orc misses you.
You hit the orc.
The orc is severely wounded.
You barely miss the orc.
You feel sick. The orc hits you but does no damage.
The orc hits you with a whip.
The orc hits you with a whip of electrocution.
You are electrocuted!
* * * LOW HITPOINT WARNING * * *
The orc barely misses you.
The orc hits you with a whip of electrocution.
* * * LOW HITPOINT WARNING * * *
You are electrocuted!
You die...

### . ...## ..
...# .. #..#
.# ..# .# .
##.##.# ...
#.[...#
#..##oo...##
#...@.....#
#.........#
.......###..##
#.....# #..#
###... #..#
#... ##.# ...
.# ## .# .


You could see 2 orcs.

Vanquished Creatures
  The ghost of GeneralIdiocy the Skirmisher, an average DsGl of Okawaru (D:3)
  A giant frog skeleton (D:4)
  2 hounds (D:4)
  2 orc priests
  3 worker ants
  2 orc wizards (D:4)
  A hound zombie (D:5)
  6 adders
  2 giant mites
  A worm (D:2)
  A giant gecko (D:1)
  An ooze (D:4)
  11 orcs
  A giant cockroach (D:1)
  6 goblins
  11 hobgoblins
  7 kobolds
  A ball python (D:1)
  A ball python skeleton (D:4)
  4 bats
  A giant gecko skeleton (D:4)
  8 giant newts
  2 quokkas
  8 rats
84 creatures vanquished.

Notes
Turn   | Place    | Note
--------------------------------------------------------------
     0 | D:1      | KaneQuicktail, the Draconian Berserker, began the quest for the Orb.
     0 | D:1      | Reached XP level 1. HP: 19/19 MP: 1/1
   318 | D:1      | Reached XP level 2. HP: 24/26 MP: 2/2
   577 | D:1      | Acquired Trog's second power
   967 | D:2      | Reached XP level 3. HP: 30/33 MP: 3/3
  1102 | D:2      | Reached skill level 4 in Fighting
  1940 | D:2      | Reached XP level 4. HP: 37/40 MP: 4/4
  2365 | D:3      | Noticed GeneralIdiocy's ghost (average DsGl)
  2375 | D:3      | Killed GeneralIdiocy's ghost
  2375 | D:3      | Reached skill level 1 in Stealth
  2375 | D:3      | Reached XP level 5. HP: 47/47 MP: 5/5
  2461 | D:3      | Found a glowing silver altar of Zin.
  3282 | D:4      | Reached XP level 6. HP: 55/55 MP: 6/6
  3331 | D:4      | Found a stormy altar of Qazlal.
  3808 | D:4      | Reached skill level 5 in Fighting
  3963 | D:4      | Found a glowing golden altar of the Shining One.
  3966 | D:4      | Found an opulent altar of Gozag.
  3970 | D:4      | Found a shattered altar of Ashenzari.
  3972 | D:4      | Found an iron altar of Okawaru.
  3973 | D:4      | Found a sacrificial altar of Ru.
  3976 | D:4      | Found a shimmering altar of Xom.
  3978 | D:4      | Found a shadowy altar of Dithmenos.
  3979 | D:4      | Found an ancient bone altar of Kikubaaqudgha.
  4414 | D:5      | Entered Level 5 of the Dungeon
  4427 | D:5      | Reached skill level 5 in Dodging
  4427 | D:5      | Your scales start fading to a pale cyan-grey colour.
  4427 | D:5      | Reached XP level 7. HP: 61/61 MP: 7/7
  4436 | D:5      | Mangled by an orc

Action                   |  1- 3 |  4- 6 |  7- 9 || total
-------------------------+-------+-------+-------++-------
Melee: Hand axe          |   136 |   190 |     4 ||   330
Invok: Berserk           |     1 |     4 |       ||     5
  Use: Scroll            |     3 |     1 |       ||     4
  Eat: Bread ration      |     1 |     1 |       ||     2
       Meat ration       |       |     1 |       ||     1
       Royal jelly       |       |     1 |       ||     1
